 Dungeon Crawl Stone Soup version 0.17-a0-1468-gbf503c2 (webtiles) character file.

7242 Sirial the Nimble (level 10, -5/80 HPs)
             Began as a Demonspawn Wanderer on July 1, 2015.
             Was a High Priest of Nemelex Xobeh.
             Slain by Snorg (8 damage)
             ... on level 10 of the Dungeon.
             The game lasted 01:13:59 (11091 turns).

Sirial the Nimble (Demonspawn Wanderer)            Turns: 11091, Time: 01:14:03

Health: -5/80      AC: 26    Str: 15    XL:     10   Next: 88%
Magic:  0/12       EV:  8    Int: 15    God:    Nemelex Xobeh [*****.]
Gold:   1023       SH:  0    Dex: 14    Spells: 0 memorised, 9 levels left

rFire  . . .     SeeInvis .     a - +4 dagger (venom)
rCold  . . .     Clarity  .     A - +5 plate armour {ponderous}
rNeg   . . .     SustAt   .     (no shield)
rPois  x         Gourm    .     y - +0 helmet
rElec  .         Spirit   +     i - +0 cloak
rCorr  .         Warding  .     I - +0 pair of gloves
rMut   .         Stasis   .     T - +0 pair of boots
MR     +....                    r - amulet of guardian spirit
Stlth  ..........               d - ring of protection from magic
                                n - +2 ring of strength

@: confused, poison vulnerable, very slightly contaminated, invisible, slow,
somewhat resistant to hostile enchantments, extremely unstealthy
A: hooves 1, yellow scales 2, blink 1, demonic guardian 1, sense surroundings 1,
powered by death 1, spit poison 1
a: Spit Poison, Blink, Triple Draw, Deal Four, Stack Five, Renounce Religion


You were on level 10 of the Dungeon.
You worshipped Nemelex Xobeh.
Nemelex Xobeh was extremely pleased with you.
You were not hungry.

You visited 2 branches of the dungeon, and saw 11 of its levels.

You collected 1023 gold pieces.

Inventory:

Hand weapons
 a - a +4 dagger of venom (weapon)
 b - a +0 blowgun
 f - a +2 quarterstaff of chaos
 o - a +2 dagger of venom
 t - a +0 dagger of protection
 x - a +2 trident of piercing
Missiles
 s - 72 poisoned needles
 w - 3 curare-tipped needles
 C - 3 needles of confusion
Armour
 i - a +0 cloak (worn)
 y - a +0 helmet (worn)
 A - a +5 plate armour of ponderousness (worn)
 I - a +0 pair of gloves (worn)
 T - a +0 pair of boots (worn)
Magical staves
 j - an uncursed staff of cold {unknown}
 k - an uncursed staff of earth
Jewellery
 d - a ring of protection from magic (right hand)
 n - a +2 ring of strength (left hand)
 r - an amulet of guardian spirit (around neck)
 z - an uncursed ring of protection from fire
 F - an uncursed ring of protection from fire
 W - a +3 ring of slaying
 Y - a cursed ring of loudness {unknown}
Magical devices
 c - a wand of fire (11)
 G - a wand of lightning (10)
 O - a wand of slowing (31)
Scrolls
 l - 3 scrolls of magic mapping
 N - 2 scrolls of noise
 Q - a scroll of fog
 U - a scroll of holy word {unknown}
Potions
 e - 4 potions of flight
 m - a potion of resistance
 u - a potion of invisibility
 v - a potion of magic
 K - a potion of agility
 X - a potion of lignification
Books
 S - a book of Summonings

   Spells                             Type                      Level
   a - Recall                         Summoning/Translocation      3
   b - Aura of Abjuration             Summoning                    5
   c - Shadow Creatures               Summoning                    5
   d - Summon Demon                   Summoning                    5
   e - Summon Forest                  Summoning/Translocation      5
   f - Summon Mana Viper              Hexes/Summoning              5
Miscellaneous
 h - an ornate deck of war
 q - a stone of tremors
 B - a legendary deck of escape {drawn: 5}
 D - a plain deck of war {drawn: 1}
 E - an ornate deck of war {drawn: 1}
 H - an ornate deck of war {drawn: 1}
 J - a legendary deck of destruction {drawn: 3}
 R - a plain deck of escape
Comestibles
 g - 5 meat rations
 p - a beef jerky
 V - a bread ration


   Skills:
 + Level 8.2 Fighting
 + Level 5.2 Short Blades
   Level 3.0 Maces & Flails
 - Level 0.1(1.7) Staves
 + Level 3.2 Throwing
 + Level 7.7 Armour
 + Level 8.4 Dodging
 + Level 3.1 Stealth
   Level 1.0 Shields
 + Level 3.4 Evocations


You had 9 spell levels left.
You didn't know any spells.

Dungeon Overview and Level Annotations

Branches:
Dungeon (10/15)            Temple (1/1) D:7            Lair (0/8) D:10
    Orc: D:9-12

Altars:
Ashenzari
Cheibriados
Dithmenos
Elyvilon
Fedhas
Gozag
Kikubaaqudgha
Makhleb
Nemelex Xobeh
Okawaru
Qazlal
Ru
Sif Muna
Trog
Vehumet
Xom
Yredelemnul
Zin
The Shining One

Annotations:
D:10 Snorg


Innate Abilities, Weirdness & Mutations

You have large cloven feet.
You are mostly covered in yellow scales (AC +3).
A weak demonic guardian rushes to your aid.
You regenerate a little health from kills.
You can translocate small distances at will.
You passively map a small area around you.
You can spit weak poison.


Message History

Drink which item? (? for menu, Esc to quit)
You fade into invisibility!
Snorg bites you!
* * * LOW HITPOINT WARNING * * *
Snorg claws you but does no damage. Snorg claws you.
* * * LOW HITPOINT WARNING * * *
You are very lightly contaminated with residual magic.
A killer bee comes into view.
Snorg bites you.
* * * LOW HITPOINT WARNING * * *
Snorg closely misses you. Snorg claws you.
* * * LOW HITPOINT WARNING * * *
Drink which item? (? for menu, Esc to quit)
It was a potion of ambrosia.
You are confused.
You feel invigorated. Snorg bites you.
* * * LOW HITPOINT WARNING * * *
Snorg claws you!
You die...
Your body disappears without a glow.

..####.................# ..#
##...............# #.##
#..............# #..#
##..........#* .# ##.#
###...........# .###
#.###...).......y.###...###.
##.......######......>.......
#.........# ###.5....<......
.....###..####..@T5..........
.##..###.......##...........)
####..#.....###
#............, ,
.###.......## ##...(.......
..##........# #...##......,
...#........# #...# ##.... ,
..........#..# #..## #>..
........### .# #..# ..#
.......## ,


You could see Snorg (berserk), a killer bee, an iron imp and a friendly white
imp.

Vanquished Creatures
  A hill giant (D:10)
  Joseph (D:10)
  Grinder (D:4)
  4 yaks (D:9)
  A wyvern (D:10)
  The ghost of rogue the Skirmisher, an average DsAK of Lugonu (D:4)
  2 hippogriffs
  3 orc warriors
  A water moccasin (D:8)
  3 ice beasts
  A wasp (D:9)
  A black bear (D:6)
  2 phantoms (D:5)
  The ghost of DrClinical the Skirmisher, an average DsAK of Lugonu (D:3)
  A sky beast (D:8)
  3 ogres
  4 centaurs
  2 big kobolds
  9 giant frogs
  A water moccasin zombie (D:5)
  2 scorpions (D:7)
  4 wights
  2 crimson imps (D:7)
  4 hounds
  2 jellies
  Crazy Yiuf (D:3)
  2 giant frog skeletons
  4 orc priests
  5 worker ants
  7 orc wizards
  Jessica (D:3)
  4 iguanas
  A hound skeleton (D:6)
  Robin (D:4)
  A white imp (D:4)
  10 adders
  A shadow imp (D:6)
  2 oozes
  An adder zombie (D:6)
  4 adder skeletons
  3 worms
  4 giant geckos
  21 orcs
  9 bats
  A bat skeleton (D:6)
  A bat zombie (D:8)
  10 hobgoblins
  3 jackals (D:5)
  2 ball pythons
  4 giant cockroaches
  6 giant newts
  20 goblins
  2 goblin skeletons (D:4)
  2 goblin zombies (D:4)
  2 hobgoblin zombies (D:4)
  18 kobolds
  A kobold skeleton (D:4)
  2 kobold zombies (D:4)
  4 quokkas
  A quokka skeleton (D:6)
  17 rats
235 creatures vanquished.

Vanquished Creatures (collateral kills)
  2 hill giants (D:7)
  2 two-headed ogres (D:7)
  A yak (D:9)
  2 hungry ghosts
  A hippogriff (D:9)
  An ice beast (D:9)
  2 phantoms (D:9)
  A black bear (D:10)
  An ogre (D:7)
  2 centaurs (D:7)
  4 giant frogs
  A gnoll sergeant (D:7)
  2 scorpions
  A wight (D:10)
  A hound (D:8)
  A centaur zombie (D:9)
  An orc priest (D:9)
  2 orc wizards
  A hound skeleton (D:7)
  A worker ant zombie (D:8)
  An adder (D:3)
  3 oozes
  6 orcs
  A giant cockroach (D:3)
  A goblin (D:4)
  4 hobgoblins
  A kobold (D:7)
  A quokka (D:7)
  A ball python (D:3)
  A bat (D:3)
50 creatures vanquished.

Grand Total: 285 creatures vanquished

Notes
Turn   | Place    | Note
--------------------------------------------------------------
     0 | D:1      | Sirial the Demonspawn Wanderer began the quest for the Orb.
     0 | D:1      | Sirial set off with: a +2 mace, a +0 ring mail, a potion of curing, a bread ration
     0 | D:1      | Reached XP level 1. HP: 19/19 MP: 1/1
    55 | D:1      | Found a shimmering altar of Xom.
   301 | D:1      | Gained mutation: A weak demonic guardian rushes to your aid. [demonic ancestry]
   301 | D:1      | Reached XP level 2. HP: 19/25 MP: 2/2
   761 | D:2      | Reached XP level 3. HP: 25/31 MP: 3/3
  1122 | D:2      | Found a sparkling altar of Nemelex Xobeh.
  1135 | D:2      | Became a worshipper of Nemelex Xobeh the Trickster
  1148 | D:2      | Received a gift from Nemelex Xobeh
  1376 | D:2      | Found a burning altar of Makhleb.
  1381 | D:2      | Reached XP level 4. HP: 30/38 MP: 4/4
  1514 | D:3      | Reached skill level 5 in Fighting
  1678 | D:3      | Noticed Jessica
  1686 | D:3      | Killed Jessica
  1710 | D:3      | Found an iron altar of Okawaru.
  1889 | D:3      | Gained mutation: You are partially covered in yellow scales (AC +2). [demonic ancestry]
  1889 | D:3      | Reached XP level 5. HP: 44/44 MP: 5/5
  1947 | D:3      | Found a white marble altar of Elyvilon.
  1972 | D:3      | Reached skill level 1 in Dodging
  2072 | D:3      | Gained mutation: You can translocate small distances at will. [potion of mutation]
  2072 | D:3      | Gained mutation: You can spit weak poison. [potion of mutation]
  2072 | D:3      | Gained mutation: You passively map a small area around you. [potion of mutation]
  2248 | D:3      | Noticed DrClinical's ghost (average DsAK)
  2273 | D:3      | Killed DrClinical's ghost
  2273 | D:3      | Reached XP level 6. HP: 28/51 MP: 4/6
  2325 | D:3      | Noticed Crazy Yiuf
  2638 | D:3      | Killed Crazy Yiuf
  2653 | D:4      | Found a glowing golden altar of the Shining One.
  2738 | D:4      | Reached skill level 1 in Short Blades
  2803 | D:4      | Noticed Robin
  2970 | D:4      | Noticed Grinder
  3180 | D:4      | Killed Robin
  3180 | D:4      | Reached XP level 7. HP: 48/56 MP: 8/8
  3293 | D:4      | Paralysed by Grinder for 6 turns
  3305 | D:4      | Noticed rogue's ghost (average DsAK)
  3315 | D:4      | Killed Grinder
  3344 | D:4      | Killed rogue's ghost
  3671 | D:4      | Received a gift from Nemelex Xobeh
  3818 | D:5      | Entered Level 5 of the Dungeon
  3930 | D:5      | Reached skill level 6 in Fighting
  3935 | D:5      | Gained mutation: You regenerate a little health from kills. [demonic ancestry]
  3935 | D:5      | Reached XP level 8. HP: 23/64 MP: 2/9
  4159 | D:5      | Reached skill level 1 in Throwing
  4159 | D:5      | Reached skill level 5 in Armour
  4423 | D:5      | Reached skill level 1 in Stealth
  4462 | D:5      | Acquired Nemelex Xobeh's first power
  4551 | D:5      | Received a gift from Nemelex Xobeh
  5439 | D:6      | Found a sparkling altar of Nemelex Xobeh.
  5537 | D:6      | Received a gift from Nemelex Xobeh
  5699 | D:6      | Reached skill level 5 in Dodging
  5789 | D:6      | Received a gift from Nemelex Xobeh
  6073 | D:6      | Gained mutation: You are mostly covered in yellow scales (AC +3). [demonic ancestry]
  6073 | D:6      | Reached XP level 9. HP: 71/71 MP: 10/10
  6113 | D:6      | Acquired Nemelex Xobeh's second power
  6224 | D:6      | Found Otiow's Antique Weapon Shop.
  6581 | D:7      | Received a gift from Nemelex Xobeh
  6878 | D:7      | Found a staircase to the Ecumenical Temple.
  7196 | D:7      | Found a shattered altar of Ashenzari.
  7414 | D:8      | Received a gift from Nemelex Xobeh
  7527 | Temple   | Entered the Ecumenical Temple
  7897 | D:7      | Noticed a hill giant
  7897 | D:7      | Noticed a hill giant
  7928 | D:7      | Killed a hill giant
  7928 | D:7      | Reached skill level 7 in Fighting
  7935 | D:7      | Killed a hill giant
  8581 | D:8      | Noticed a cyan very ugly thing
  8718 | D:8      | Acquired Nemelex Xobeh's third power
  8718 | D:8      | Received a gift from Nemelex Xobeh
  8805 | D:8      | Found a snail-covered altar of Cheibriados.
  8980 | D:8      | Gained mutation: You have large cloven feet. [demonic ancestry]
  8980 | D:8      | Reached XP level 10. HP: 74/79 MP: 9/11
  9483 | D:9      | Received a gift from Nemelex Xobeh
  9701 | D:9      | Found an opulent altar of Gozag.
 10438 | D:9      | Reached skill level 8 in Fighting
 10564 | D:9      | Reached skill level 5 in Short Blades
 10569 | D:10     | Entered Level 10 of the Dungeon
 10645 | D:10     | Received a gift from Nemelex Xobeh
 10673 | D:10     | Noticed a hill giant
 10698 | D:10     | Killed a hill giant
 10808 | D:10     | Noticed Joseph
 10824 | D:10     | Killed Joseph
 11064 | D:10     | Found a staircase to the Lair.
 11075 | D:10     | Noticed Snorg
 11090 | D:10     | HP: 4/80 [Snorg (1)]
 11091 | D:10     | Slain by Snorg

Vault maps used:
D:1:      dpeg_arrival_chambers_temple_mockup, xom_teletrap_fun
D:2:      nicolae_overflow_crystal_walls, makhleb_blood_cavern_becter,
          first_bread, hangedman_decor_push, roderic_serpentine_path
D:3:      elyvilon_altar_5, lemuel_round_altar, uniq_crazy_yiuf_cottage,
          uniq_jessica
D:4:      nicolae_tso_besieged_by_evil, uniq_robin, uniq_grinder
D:6:      serial_shops, shop_fountains, nemelex_xobeh_ov_fountains_minmay
D:7:      minmay_klotski, ashenzari_conservatory_becter,
          minmay_temple_entry_from_below_b
D:8:      kennysheep_mini_moat
D:9:      grunt_gozag_breadcrumbs
D:10:     lair_0_dummy, uniq_joseph, uniq_snorg
Temple:   eino_temple_water_12

Action                   |  1- 3 |  4- 6 |  7- 9 | 10-12 || total
-------------------------+-------+-------+-------+-------++-------
Melee: Dagger            |    51 |   168 |   511 |   265 ||   995
       Mace              |     5 |       |       |       ||     5
       Staff             |       |    19 |       |       ||    19
 Fire: Blowgun           |       |     5 |    20 |     8 ||    33
 Abil: Blink             |       |       |     1 |     1 ||     2
Evoke: Deck              |     2 |     6 |    16 |    20 ||    44
  Use: Scroll            |       |    16 |     9 |     4 ||    29
       Potion            |       |     5 |    11 |     4 ||    20
 Stab: Distracted        |       |       |     1 |     1 ||     2
       Sleeping          |       |       |       |     1 ||     1
  Eat: Bread ration      |     1 |     1 |     1 |     1 ||     4
       Meat ration       |       |       |     2 |       ||     2
       Beef jerky        |       |       |     1 |     1 ||     2
       Pizza             |       |       |     1 |       ||     1
       Fruit             |       |       |       |     4 ||     4
       Royal jelly       |       |       |       |     1 ||     1
